 Dungeon Crawl Stone Soup version 0.31-a0-193-gdfe2569204 (webtiles) character file.

Game seed: 10995792708022913964

244 qw the Skirmisher (level 5, -5/29 HPs)
             Began as a Deep Elf Hunter on June 24, 2023.
             Killed from afar by an oklob plant (34 damage)
             ... with a splash of acid
             ... on level 4 of the Dungeon.
             The game lasted 00:00:55 (1866 turns).

qw the Skirmisher (Deep Elf Hunter)                 Turns: 1866, Time: 00:00:56

Health: -5/29      AC:  9    Str: 10    XL:     5   Next: 83%
Magic:  7/7        EV: 11    Int: 17    God:
Gold:   246        SH:  0    Dex: 16    Spells: 4/4 levels left

rFire   x . .        d - +8 storm bow {elec, penet}
rCold   + . .        (shield currently unavailable)
rNeg    . . .        c - +0 ring mail
rPois   .            e - +2 helmet
rElec   .            (no cloak)
rCorr   .            b - +0 pair of gloves
SInv    .            (no boots)
Will    .....        (no amulet)
Stlth   +            f - ring of Muutisch {Ice Int+3 Dex-2 Slay+3}
HPRegen 0.24/turn    (no ring)
MPRegen 0.10/turn

%: no passive effects
@: no status effects
A: no striking features
a: no special abilities


You were on level 4 of the Dungeon.
You visited 1 branch of the dungeon, and saw 4 of its levels.

You collected 246 gold pieces.


   Skills:
 + Level 1.5 Fighting
 - Level 9.4 Ranged Weapons
 - Level 2.4 Dodging
 - Level 1.2 Stealth


You had 4 spell levels left.
You didn't know any spells.
Your spell library was empty.

Inventory:

Hand Weapons
 d - the +8 storm bow (weapon) {elec, penet}
   (You found it on level 3 of the Dungeon)
Armour
 b - a +0 pair of gloves (worn)
 c - a +0 ring mail (worn)
 e - a +2 helmet (worn)
Jewellery
 f - the ring of Muutisch (left hand) {Ice Int+3 Dex-2 Slay+3}
   (You acquired it on level 3 of the Dungeon)

   [ring of ice]

   It enhances your ice magic.
   Int:       It affects your intelligence (+3).
   Dex:       It affects your dexterity (-2).
   Slay:      It affects your accuracy & damage with ranged weapons and melee
   (+3).
   rF:        It makes you vulnerable to fire.
   rC:        It protects you from cold.
Scrolls
 a - 2 scrolls of identify
Potions
 g - a potion of might

Dungeon Overview and Level Annotations

Branches:
Dungeon (4/15)
 Temple: D:4-7

Altars:
Fedhas
Zin


Message History

Enter note:
Enter note:
Enter note:
Enter note:
Enter note:
Enter note:
Enter note:
Enter note:
Enter note: You shoot an arrow.
The arrow pierces through the fungus!!
The fungus begins to die.
Lightning courses through the fungus!
The fungus is lightly damaged.
The arrow pierces through the plant!
The plant begins to die.
The plant is lightly damaged.
The arrow pierces through the oklob plant.
The oklob plant is lightly damaged.
Enter note:
Enter note:
Enter note: You shoot an arrow.
The arrow pierces through the fungus.
The fungus is moderately damaged.
The arrow pierces through the plant!
The plant is lightly damaged.
The arrow pierces through the oklob plant!!
The oklob plant is heavily damaged.
Enter note:
Enter note:
Enter note: You shoot an arrow.
The arrow pierces through the fungus!
The fungus is moderately damaged.
The arrow pierces through the plant!
The plant is moderately damaged.
The arrow pierces through the oklob plant!
Lightning courses through the oklob plant!
The oklob plant is severely damaged.
A nearby fungus withers and dies.
A nearby plant withers and dies.
The oklob plant spits acid at you. The splash of acid hits you!!
Ouch! That really hurt!
You die...

~~~~~~..P.##..
#PP##..~~~~~~~~~..#P#?#
#PP#P.~~~~~~~~~~~.P #.#
#PPPP.~~~~...~~~~.###..
#P#P......_.~~~~......
#P..~~~~...~~~~.####.
##PP.~~~~~~~~~~~..P##.
#PPP..~~~~~~~~~..P###.
#PPPP@.~~~~~~~..#PP#.>
#PP.P.P..~~~~~..PP.###.
###..P.P........P#PP##.
.#


#P..PPPPP#PPPPP#PPPP##. .#### #.P..#P#P#P..P#PPP.###. .....
##.#.#PP##PPPPPPPPP.##. ...# #####P#PP#PPPP#P..P..#PP##. ...#
....######################. ...# #........# #. You could see an oklob plant.

Vanquished Creatures
  A scorpion (D:4)
  2 orc priests (D:4)
  An iguana (D:4)
  2 adders
  A dart slug (D:1)
  6 orcs
  3 bats (D:1)
  9 endoplasms
  2 giant cockroaches
  8 goblins
  5 hobgoblins
  4 jackals (D:2)
  2 quokkas
  9 ball pythons
  2 frilled lizards
  6 kobolds
  4 rats
67 creatures vanquished.

Notes
Turn   | Place    | Note
-------+----------+-------------------------------------------
     0 | D:1      | qw the Deep Elf Hunter began the quest for the Orb.
     0 | D:1      | Reached XP level 1. HP: 12/12 MP: 3/3
     0 | D:1      | 0 ||| qw: Version: 0.3-a-9-g12657ce
     0 | D:1      | 0 ||| qw: Game counter: 4721
     0 | D:1      | 0 ||| qw: Always use a shield: true
     0 | D:1      | 0 ||| qw: God list: Okawaru
     0 | D:1      | 0 ||| qw: Allow faded altars: false
     0 | D:1      | 0 ||| qw: Do Orc after D:15 true
     0 | D:1      | 0 ||| qw: Do second Lair branch before Depths: true
     0 | D:1      | 0 ||| qw: Lair rune preference: random
     0 | D:1      | 0 ||| qw: Plans: Normal
     0 | D:1      | 0 ||| PLANNING D:1-11
     8 | D:1      | 8 ||| FLEEEEING.
    19 | D:1      | 19 ||| FLEEEEING.
   102 | D:1      | Reached XP level 2. HP: 16/16 MP: 4/4
   115 | D:1      | Reached skill level 6 in Ranged Weapons
   371 | D:1      | 371 ||| UPGRADING to +0 scale mail.
   381 | D:1      | 381 ||| DROPPING +0 leather armour.
   382 | D:1      | 382 ||| READING 4 scrolls labelled BOFEXE VOEZUSK.
   383 | D:1      | 383 ||| READING scroll labelled HUPLAJ RYUL.
   384 | D:1      | 384 ||| READING scroll labelled NOTAICUPIU.
   385 | D:1      | 385 ||| READING scroll labelled CUTHO NI CEA.
   486 | D:1      | 486 ||| READING 3 scrolls of identify.
   486 | D:1      | 486 ||| IDENTIFYING metallic white potion
   487 | D:1      | 487 ||| DROPPING scroll of butterflies.
   488 | D:1      | 488 ||| DROPPING potion of brilliance.
   513 | D:2      | 513 ||| STAIRDANCE
   610 | D:2      | Reached XP level 3. HP: 17/20 MP: 5/5
   709 | D:2      | Reached skill level 7 in Ranged Weapons
  1234 | D:2      | 1234 ||| UPGRADING to +0 ring mail.
  1244 | D:2      | 1244 ||| UPGRADING to +2 helmet.
  1249 | D:2      | 1249 ||| DROPPING +0 scale mail.
  1250 | D:2      | 1250 ||| READING 3 scrolls labelled ITICO BUSHREMM.
  1251 | D:2      | 1251 ||| READING scroll labelled DEHOCI FOKE.
  1252 | D:2      | 1252 ||| DROPPING 2 scrolls of fear.
  1376 | D:3      | Found the +8 storm bow {elec, penet}
  1387 | D:3      | 1387 ||| SWAPPING to +8 storm bow {elec, penet}.
  1388 | D:3      | 1388 ||| DROPPING +0 shortbow.
  1394 | D:3      | Reached XP level 4. HP: 25/25 MP: 6/6
  1606 | D:3      | 1606 ||| UPGRADING to +0 pair of gloves.
  1611 | D:3      | 1611 ||| READING scroll labelled IGRICL OKKIXZU.
  1611 | D:3      | Identified a scroll of acquirement
  1611 | D:3      | 1611 ||| ACQUIRING ring of Muutisch {Ice Int+3 Dex-2
                  | Slay+3}
  1611 | D:3      | Acquired the ring of Muutisch {Ice Int+3 Dex-2 Slay+3}
  1613 | D:3      | 1613 ||| UPGRADING to ring of Muutisch {Ice Int+3 Dex-2
                  | Slay+3}.
  1659 | D:4      | Reached skill level 8 in Ranged Weapons
  1662 | D:4      | Reached XP level 5. HP: 29/29 MP: 7/7
  1682 | D:4      | Found a glowing silver altar of Zin.
  1704 | D:4      | 1704 ||| READING scroll labelled YFOIPLO ASIR.
  1705 | D:4      | 1705 ||| READING 3 scrolls of identify.
  1705 | D:4      | 1705 ||| IDENTIFYING cyan potion
  1791 | D:4      | Reached skill level 9 in Ranged Weapons
  1848 | D:4      | Found a blossoming altar of Fedhas.
  1860 | D:4      | Noticed an oklob plant
  1866 | D:4      | Killed from afar by an oklob plant

Levels and vault maps discovered:
D:1:      dpeg_arrival_tiny_a, layout_rooms
D:2:      layout_basic
D:3:      layout_rooms
D:4:      layout_basic, tgw_fedhas, amcnicky_altar_gilded

Skill      XL: |  1  2  3  4  5 |
---------------+----------------+-----
Ranged Weapons | 6 7 8 9 |  9.4
Fighting       | |  1.5
Dodging        | |  2.4
Stealth        | |  1.2

Action                     |  1- 3 |  4- 6 || total
---------------------------+-------+-------++-------
   Fire: Shortbow          |   143 |       ||   143
         Longbow           |     1 |    30 ||    31
    Use: Scroll            |     7 |     3 ||    10
 Armour: Scale mail        |    53 |       ||    53
         Ring mail         |       |     1 ||     1
  Dodge: Dodged            |    33 |     1 ||    34

Table legend:
 A = Non-vault XP
 B = Vault XP
 C = Vault XP percentage of total XP
 D = Non-vault monster count
 E = Vault monster count
 F = Vault count percentage of total count
                 A         B        C        D         E       F
            +---------+---------+-------+---------+---------+-------
      Total |     349 |       0 |   0.0 |      67 |       0 |   0.0
            +---------+---------+-------+---------+---------+-------
        D:1 |      31 |       0 |   0.0 |      17 |       0 |   0.0
        D:2 |      49 |       0 |   0.0 |      23 |       0 |   0.0
        D:3 |      41 |       0 |   0.0 |      14 |       0 |   0.0
        D:4 |     228 |       0 |   0.0 |      13 |       0 |   0.0
            +---------+---------+-------+---------+---------+-------
